[Event "Early-Titled-Tuesday-Blitz-April-16-2024"]
[Site "Chess.com"]
[Date "2024.04.16"]
[Round "1"]
[White "Makswolf200817"]
[Black "Rosh1610"]
[Result "1-0"]
[WhiteElo "2771"]
[BlackElo "2438"]
[TimeControl "180+1"]
[EndTime "8:06:11 PDT"]
[Termination "Makswolf200817 won by checkmate"]

1. d4 Nf6 2. c4 e6 3. g3 d5 4.
Bg2 Be7 5. Nf3 O-O 6. Nc3 b6 7.
cxd5 exd5 8. O-O Bb7 9. b3 Nbd7 10. Bb2 Ne4 11. Rc1 a6 12. e3 f5 13. Ne2 Bd6 14. Nf4 Bxf4 15. exf4 c5 16. a3 Rc8 17. dxc5 bxc5 18.
b4 cxb4 19. axb4 Nb6 20. Qd4 Nf6 21. Ne5 Nbd7 22. Nd3 a5 23. b5 Qe7 24. Qa7 Ba8 25.
Qxa5 Rxc1 26. Rxc1 Ne4 27. Ba3 Nd6 28. Qc7 Rf6 29.
Ne5 Re6 30. Qxd7 Rxe5 31. Qxe7 Rxe7 32. Bxd6 Rd7 33. Rc8+ Kf7 34. Rxa8 Rxd6 35. Ra6 Rd8 36.
b6 d4 37. b7 d3 38. Ra8 Rd7 39. b8=Q d2 40. Qf8+ Kg6 41. Ra6+ Kh5 42. Qxf5+ g5 43. Qxg5# 1-0

[Event "Early-Titled-Tuesday-Blitz-April-16-2024"]
[Site "Chess.com"]
[Date "2024.04.16"]
[Round "1"]
[White "yuriydovzik"]
[Black "Elnaz_Kaliakhmet"]
[Result "0-1"]
[WhiteElo "2140"]
[BlackElo "2572"]
[TimeControl "180+1"]
[EndTime "8:06:12 PDT"]
[Termination "Elnaz_Kaliakhmet won on time"]

1. e4 c5 2. Nf3 Nc6 3. c3 d5 4. exd5 Qxd5 5. d4 Nf6 6. Be3 e6 7. dxc5 Qxd1+ 8. Kxd1 Ng4 9. b4 a5 10. Bb5 Nxe3+ 11. fxe3 Bd7 12. Bxc6 Bxc6 13. Nbd2 b6 14. a4 axb4 15. cxb4 Bxa4+ 16. Ke1 bxc5 17. Nc4 Bc6 18. Rxa8+ Bxa8 19. b5 Be7 20. Kf2 O-O 21. Ra1 Bd5 22.
Ra7 Bxc4 23. Rxe7 Bxb5 24. Ne5 f6 25. Nf3 e5 26. Rc7 c4 27. Nd2 Ra8 28. Nxc4 Ra2+ 29.
Kg3 h6 30. Nd6 Bf1 31. Nf5 Rxg2+ 32. Kf3 Rg5 33. e4 Bh3 0-1

[Event "Early-Titled-Tuesday-Blitz-April-16-2024"]
[Site "Chess.com"]
[Date "2024.04.16"]
[Round "1"]
[White "Matols"]
[Black "IamSchrodingersCat"]
[Result "1/2-1/2"]
[WhiteElo "2366"]
[BlackElo "2650"]
[TimeControl "180+1"]
[EndTime "8:06:13 PDT"]
[Termination "Game drawn by repetition"]

1. d4 Nf6 2. c4 g6 3. g3 Bg7 4. Bg2 O-O 5. Nc3 d6 6. Nf3 Nbd7 7. O-O e5 8. e4 exd4 9. Nxd4 Re8 10. h3 a6 11. Re1 Rb8 12. a4 Ne5 13. b3 Bd7 14. f4 Nc6 15. Be3 Nh5 16. Kh2 Nf6 17. Bf2 Qc8 18. Rc1 Qd8 19. Nd5 h6 20. Qd2 Kh7 21. Rcd1 Be6 22. Nc2 Ng8 23. Qd3 Bc8 24.
Nd4 Nge7 25. Nf3 Ng8 26. Nd4 Nge7 27. Nf3 Ng8 28. Nd4 1/2-1/2

[Event "Early-Titled-Tuesday-Blitz-April-16-2024"]
[Site "Chess.com"]
[Date "2024.04.16"]
[Round "1"]
[White "PedroGil25"]
[Black "RobertoJBM"]
[Result "0-1"]
[WhiteElo "2503"]
[BlackElo "2913"]
[TimeControl "180+1"]
[EndTime "8:06:14 PDT"]
[Termination "RobertoJBM won by resignation"]

1. c4 c6 2. Nf3 d5 3. g3 dxc4 4.
Bg2 b5 5. a4 Bb7 6. O-O a6 7.
b3 cxb3 8. Qxb3 e6 9. Bb2 Nf6 10. Rc1 Be7 11. Ne5 Nd5 12. d4 O-O 13. Nc3 Nd7 14. Ne4 Nxe5 15. dxe5 Qb6 16. Nd6 Rab8 17. e3 c5 18. axb5 axb5 19. Qxb5 Qxb5 20. Nxb5 Nb4 21. Bxb7 Rxb7 22. Ra7 Rxb5 23. Rxe7 Nd3 24. Rd1 Nxb2 0-1

[Event "Early-Titled-Tuesday-Blitz-April-16-2024"]
[Site "Chess.com"]
[Date "2024.04.16"]
[Round "1"]
[White "arnash_bauyrzhan"]
[Black "albi1999"]
[Result "0-1"]
[WhiteElo "2336"]
[BlackElo "2638"]
[TimeControl "180+1"]
[EndTime "8:06:16 PDT"]
[Termination "albi1999 won by resignation"]

1. e4 c5 2. Nf3 a6 3. c3 d5 4. e5 Nc6 5. d4 Bg4 6. Be2 e6 7. O-O Rc8 8. h3 Bh5 9. Be3 cxd4 10.
cxd4 Nge7 11. Nbd2 Nf5 12. g4 Nxe3 13. fxe3 Bg6 14. Qe1 Be7 15. h4 h5 16. g5 Qb6 17.
Nb3 O-O 18. Qg3 Nb4 19. Ne1 Nxa2 20. Bd1 Nb4 21. Ng2 Nc2 22. Bxc2 Rxc2 23. Na5 Qxb2 24. Nf4 Be4 25. Rab1 Qa2 26. Nxb7 Rb8 27. Nd6 Rxb1 0-1

[Event "Early-Titled-Tuesday-Blitz-April-16-2024"]
[Site "Chess.com"]
[Date "2024.04.16"]
[Round "1"]
[White "Road2GM3000"]
[Black "the_chess_child"]
[Result "0-1"]
[WhiteElo "2458"]
[BlackElo "2816"]
[TimeControl "180+1"]
[EndTime "8:06:18 PDT"]
[Termination "the_chess_child won by checkmate"]

1. d4 Nf6 2. c4 g6 3. Nc3 Bg7 4. e4 d6 5. f4 O-O 6. Nf3 c5 7. d5 e6 8. Be2 exd5 9. exd5 Bf5 10. O-O Ne4 11. Nxe4 Bxe4 12. Bd3 Bxf3 13. Qxf3 Nd7 14. f5 Ne5 15. Qg3 Re8 16. Bg5 Qb6 17. f6 Qxb2 18.
Bxg6 fxg6 19. fxg7 Qd4+ 20. Kh1 Kxg7 21. Bf6+ Kg8 22.
Qg5 Nf7 23. Qc1 Qd3 24. Qb2 b6 25. Rf3 Qxc4 26. Raf1 Re2 27. Qa1 Rae8 28. Bc3 Qxd5 29. Rxf7 Qxg2# 0-1

[Event "Early-Titled-Tuesday-Blitz-April-16-2024"]
[Site "Chess.com"]
[Date "2024.04.16"]
[Round "1"]
[White "wannabe2700"]
[Black "LuisFSiles"]
[Result "1-0"]
[WhiteElo "2665"]
[BlackElo "2373"]
[TimeControl "180+1"]
[EndTime "8:06:18 PDT"]
[Termination "wannabe2700 won by resignation"]

1. b3 e5 2. Bb2 Nc6 3. Nf3 d6 4. d4 exd4 5. Nxd4 Bd7 6. Nc3 Nf6 7. e4 g6 8. Qd2 Bg7 9. O-O-O O-O 10. f3 a5 11. Bb5 Nxd4 12. Qxd4 c6 13. Be2 d5 14.
Qd3 Be6 15. exd5 Nxd5 16. Nxd5 Bxb2+ 17. Kxb2 Bxd5 18. Qd4 Qe7 19. Rhe1 Qb4 20. Qxb4 axb4 21.
Rd4 Rfe8 22. Rxb4 Re5 23. c4 Rae8 24. cxd5 Rxe2+ 25. Rxe2 Rxe2+ 26. Ka3 cxd5 27. g4 Rxh2 28.
Rxb7 h5 29. gxh5 gxh5 30. Rd7 Rd2 31. Re7 h4 32. Re5 h3 33. Rg5+ Kf8 34. b4 h2 35. Rh5 d4 36. Kb3 d3 37. a4 Rb2+ 38.
Kxb2 d2 39. Kc2 1-0

[Event "Early-Titled-Tuesday-Blitz-April-16-2024"]
[Site "Chess.com"]
[Date "2024.04.16"]
[Round "1"]
[White "El_Matador12"]
[Black "ChEsper99"]
[Result "1-0"]
[WhiteElo "2582"]
[BlackElo "2198"]
[TimeControl "180+1"]
[EndTime "8:06:18 PDT"]
[Termination "El_Matador12 won on time"]

1. d4 Nf6 2. Bg5 d5 3. Bxf6 gxf6 4. e3 c5 5. c3 Nc6 6. dxc5 e5 7. b4 a5 8. Qb3 axb4 9. cxb4 b6 10. Bb5 Bb7 11.
Nf3 bxc5 12. bxc5 Bxc5 13. O-O O-O 14. a4 Na5 15. Qc2 Rc8 16. Qf5 Qe7 17. Nbd2 Qe6 18. Qh5 f5 19. Nh4 Kh8 20. Nxf5 Rg8 21. Ng3 Rg6 22. Qf5 Qxf5 23. Nxf5 Rcg8 24. g3 Bc8 25. Nh4 Rh6 26. Ng2 f5 27. Rac1 Bb4 28.
Nf3 e4 29. Nd4 1-0

[Event "Early-Titled-Tuesday-Blitz-April-16-2024"]
[Site "Chess.com"]
[Date "2024.04.16"]
[Round "1"]
[White "RojonR"]
[Black "dropstoneDP"]
[Result "0-1"]
[WhiteElo "2533"]
[BlackElo "3072"]
[TimeControl "180+1"]
[EndTime "8:06:19 PDT"]
[Termination "dropstoneDP won by resignation"]

1. e4 e5 2. Nf3 Nf6 3. Nc3 Nc6 4.
Be2 d5 5. exd5 Nxd5 6. O-O Nxc3 7. bxc3 e4 8. Ne1 Bd6 9. f3 Bf5 10. fxe4 Bxe4 11. Bf3 Bxf3 12. Nxf3 O-O 13. d4 h6 14.
Rb1 b6 15. Qd3 Qd7 16. Bd2 Rae8 17. Rbe1 Rxe1 18. Rxe1 Re8 19. c4 Rxe1+ 20. Bxe1 Ne7 21. Bf2 Qf5 22. Qxf5 Nxf5 23. Kf1 h5 24. h3 f6 25. Ke2 Kf7 26. Kd3 c6 27. d5 Ne7 28.
Nd4 cxd5 29. Nb5 Bb8 30. a4 Ke6 31. c5 bxc5 32. Bxc5 Nc6 33. Nd4+ Nxd4 34. Bxd4 a6 35. c4 dxc4+ 36. Kxc4 Bd6 37. g4 g6 38. Kd3 f5 39.
gxh5 gxh5 40. Bc3 Kd5 41. Bd2 Be5 42. Be1 f4 43. Bd2 f3 44. Ke3 Bf4+ 0-1

[Event "Early-Titled-Tuesday-Blitz-April-16-2024"]
[Site "Chess.com"]
[Date "2024.04.16"]
[Round "1"]
[White "alpope"]
[Black "GHANDEEVAM2003"]
[Result "0-1"]
[WhiteElo "2523"]
[BlackElo "3022"]
[TimeControl "180+1"]
[EndTime "8:06:20 PDT"]
[Termination "GHANDEEVAM2003 won by resignation"]

1. Nf3 d6 2. e4 g6 3. d4 Bg7 4. Be3 a6 5. a4 Nc6 6. Qd2 Nf6 7.
Bd3 Ng4 8. c3 Nxe3 9. Qxe3 O-O 10.
Nbd2 e5 11. O-O exd4 12. cxd4 Re8 13. Rfe1 Qf6 14. Rac1 Bg4 15. d5 Nb4 16. Rxc7 Qxb2 17. Rxb7 Qa3 18. Bf1 Qxa4 19. Qb3 Qxb3 20. Nxb3 Bxf3 21.
Rxb4 Bc3 22. gxf3 Bxb4 23. Rb1 a5 24. Nd4 Bc5 25. Nc6 a4 26. Rc1 a3 27. e5 a2 28.
exd6 Bxd6 29. Ra1 Ra3 30. Bc4 Rea8 31. Kg2 Bf8 32. f4 Bd6 33. Ne5 R8a4 34. Be2 Rc3 35. Nc4 Rcxc4 36. Bxc4 Rxc4 37. Rxa2 Rxf4 38. Ra6 Rf6 39. f4 Kg7 40. h3 Bxf4 0-1

[Event "Early-Titled-Tuesday-Blitz-April-16-2024"]
[Site "Chess.com"]
[Date "2024.04.16"]
[Round "1"]
[White "lrjchess"]
[Black "sokidze"]
[Result "1-0"]
[WhiteElo "2484"]
[BlackElo "2807"]
[TimeControl "180+1"]
[EndTime "8:06:22 PDT"]
[Termination "lrjchess won on time"]

1. d4 d5 2. Nc3 Nf6 3. Bg5 h6 4. Bh4 e6 5. e4 g5 6. Bg3 Nxe4 7. Nxe4 dxe4 8. h4 Bg7 9. hxg5 hxg5 10. Rxh8+ Bxh8 11. c3 Nd7 12. Qh5 Bf6 13. Bc4 Nb6 14. Bb3 Bd7 15.
Qh7 Bc6 16. Qg8+ Ke7 17. Qh7 Qd7 18. Be5 Bxe5 19. dxe5 Qd8 20. Qg7 Qg8 21. Qf6+ Ke8 22. O-O-O Nd7 23. Qh6 Nxe5 24. Nh3 Nd3+ 25. Kb1 g4 26.
Ng5 Rd8 27. Nxe6 fxe6 28. Bxe6 Qf8 29. Qg6+ Ke7 30. Bxg4 Qf6 31. Qh7+ Qf7 32. Qh4+ Qf6 33. Qh7+ Kf8 34. f3 1-0

[Event "Early-Titled-Tuesday-Blitz-April-16-2024"]
[Site "Chess.com"]
[Date "2024.04.16"]
[Round "1"]
[White "Grossboss19"]
[Black "Roosters19"]
[Result "0-1"]
[WhiteElo "2592"]
[BlackElo "2305"]
[TimeControl "180+1"]
[EndTime "8:06:22 PDT"]
[Termination "Roosters19 won by checkmate"]

1. e4 c5 2. Nf3 Nc6 3. Bb5 g6 4. O-O Bg7 5. Re1 Nf6 6. c3 O-O 7. h3 Qc7 8. a4 b6 9. Na3 Bb7 10.
Nc2 d5 11. e5 Nd7 12. d4 e6 13. Be3 a6 14. Bd3 a5 15. Qe2 c4 16. Na3 cxd3 17. Qxd3 Ba6 18. Qd2 Ne7 19. g4 Rab8 20. Bh6 b5 21.
axb5 Bxb5 22. Qg5 Qd8 23. Re3 Ba6 24. Ra2 Nc6 25. Qf4 f5 26. exf6 Bxh6 27. Qxh6 Qxf6 28. Ng5 Qxf2+ 29. Kh1 Qf1+ 30. Kh2 Rf2+ 31. Kg3 Rg2+ 32. Kh4 Qf2+ 33. Rg3 Qxg3# 0-1

[Event "Early-Titled-Tuesday-Blitz-April-16-2024"]
[Site "Chess.com"]
[Date "2024.04.16"]
[Round "1"]
[White "LastHeroJr"]
[Black "bascheyaro"]
[Result "0-1"]
[WhiteElo "2477"]
[BlackElo "2850"]
[TimeControl "180+1"]
[EndTime "8:06:23 PDT"]
[Termination "bascheyaro won by resignation"]

1. e4 e6 2. d4 d5 3. exd5 exd5 4.
c3 Nf6 5. Nf3 c5 6. Be3 c4 7.
Nbd2 Bd6 8. Be2 O-O 9. O-O Nc6 10.
b3 cxb3 11. axb3 Bf5 12. c4 Nb4 13. Bg5 h6 14. Bh4 Re8 15. Re1 Nc2 16. c5 Bc7 17. b4 Nxe1 18. Nxe1 a6 19. Nef3 Qe7 20. Bf1 Qe6 21.
Qb3 Ne4 22. Rc1 Nxd2 23. Nxd2 Bf4 24. Rd1 Bg4 25. Nf3 Bc7 26. b5 axb5 27. Bxb5 Reb8 28. Re1 Qf5 29. Ne5 Bxe5 30. Rxe5 Ra1+ 31. Bf1 Qb1 32. Qxb1 Rxb1 33. f3 Be6 34. Bg3 Ra8 35. Kf2 Ra2+ 36. Be2 b6 37. c6 Rc2 38. c7 b5 39. Ke3 Rb3+ 40. Kf2 b4 41. Re3 Rxe3 42. Kxe3 b3 43. Bd3 Rc6 44. Kd2 b2 45. f4 Rc1 46. f5 Bc8 0-1

[Event "Early-Titled-Tuesday-Blitz-April-16-2024"]
[Site "Chess.com"]
[Date "2024.04.16"]
[Round "1"]
[White "cristiano78"]
[Black "AmanteDeMoi"]
[Result "0-1"]
[WhiteElo "2247"]
[BlackElo "2600"]
[TimeControl "180+1"]
[EndTime "8:06:25 PDT"]
[Termination "AmanteDeMoi won by resignation"]

1. d4 g6 2. c4 Bg7 3. Nf3 d6 4. Nc3 e5 5. dxe5 dxe5 6. Qxd8+ Kxd8 7. e4 f6 8. Be3 Be6 9. O-O-O+ Nd7 10. b3 Bh6 11. Bxh6 Nxh6 12. h3 c6 13. Be2 Ke7 14. Rd2 Nf7 15. Rhd1 Rhd8 16. Kb2 a5 17. a4 Nc5 18.
Rxd8 Nxd8 19. Ne1 Bf7 20. Nd3 Nde6 21. Nxc5 Nxc5 22. f3 Rd8 23. Rxd8 Kxd8 24. Kc2 Ke7 25.
Bd1 f5 26. Kd2 f4 27. Ne2 Kd6 28. Kc3 Ne6 29. Bc2 Kc5 30. Nc1 Kd6 31. Nd3 Nc5 32. Bb1 Nxd3 33. Bxd3 Kc5 34. Bc2 g5 35. Bd3 h5 36. Be2 Be6 37. Bd1 Kd6 38. b4 axb4+ 39. Kxb4 b6 40. Be2 c5+ 41. Kb5 Bd7+ 42. Kxb6 Bxa4 43.
Ka5 Bc2 44. Kb5 g4 45. hxg4 hxg4 46. Kb6 g3 47. Kb5 Bb3 48. Kb6 Ba4 49. Ka5 Bd7 50. Kb6 Be6 51. Bf1 Bd7 52. Be2 Ba4 53. Ka5 Bc2 54.
Kb5 Bb1 55. Ka5 Kc6 56. Ka4 Kb6 57. Bf1 Bc2+ 58. Ka3 Ka5 59. Kb2 Bd1 60. Kc3 Ka4 61. Bd3 Bxf3 0-1

[Event "Early-Titled-Tuesday-Blitz-April-16-2024"]
[Site "Chess.com"]
[Date "2024.04.16"]
[Round "1"]
[White "Dinosaurio_1975"]
[Black "aljado"]
[Result "1-0"]
[WhiteElo "2572"]
[BlackElo "2152"]
[TimeControl "180+1"]
[EndTime "8:06:25 PDT"]
[Termination "Dinosaurio_1975 won by resignation"]

1. d4 Nf6 2. c4 c5 3. d5 b5 4. cxb5 a6 5. e3 axb5 6. Bxb5 Qa5+ 7.
Nc3 Ne4 8. Ne2 g6 9. O-O Nxc3 10. Nxc3 Bg7 11. a4 O-O 12. d6 e6 13. Ne4 Ba6 14. Bd2 Qb6 15. Qf3 Bb7 16. Nf6+ Kh8 17.
Qf4 Qd8 18. Bc3 Nc6 19. Ng4 Bxc3 20. bxc3 f5 21. Ne5 Nxe5 22. Qxe5+ Kg8 23. Qxc5 Rc8 24. Qd4 Qf6 25. Qxf6 Rxf6 26. Bxd7 Rd8 27. Bb5 Rxd6 28. Rfd1 e5 29. c4 Kf7 30. c5 Rxd1+ 31. Rxd1 Bc8 32.
Rd8 Be6 33. c6 Ke7 34. c7 Rf8 35. Rxf8 Kxf8 36. Ba6 Ke7 37. c8=Q Bxc8 38. Bxc8 1-0

[Event "Early-Titled-Tuesday-Blitz-April-16-2024"]
[Site "Chess.com"]
[Date "2024.04.16"]
[Round "1"]
[White "DonkyDonkyDonkey"]
[Black "DeArron_Fox"]
[Result "1-0"]
[WhiteElo "2962"]
[BlackElo "2519"]
[TimeControl "180+1"]
[EndTime "8:06:26 PDT"]
[Termination "DonkyDonkyDonkey won by resignation"]

1. e4 c5 2. Nf3 e6 3. c3 d5 4. e5 d4 5. d3 Nc6 6. g3 dxc3 7. bxc3 Qd5 8. c4 Qd7 9. Bg2 b6 10. O-O Bb7 11. Nc3 Nge7 12. Ne4 Nf5 13. Bb2 Rd8 14. Qb3 Nfd4 15. Nxd4 Nxd4 16. Bxd4 Qxd4 17.
Qa4+ Rd7 18. Nd6+ Bxd6 19. Bxb7 Bxe5 20. Bc6 Ke7 21. Bxd7 Qxd7 22. Qxd7+ Kxd7 23. Rab1 Kc7 24. Rb3 Bd4 25. a4 e5 26. a5 Rb8 27. Rfb1 Rb7 28. axb6+ axb6 29. Ra3 Kb8 30. Ra6 Kc7 31. Kg2 h5 32. Ra8 g6 33. f3 Kc6 34. Rb5 Kd6 35. Rd8+ Kc6 36. Ra8 Kc7 37. h3 Kc6 38. g4 hxg4 39.
hxg4 Kc7 40. Kh3 Kc6 41. Kh4 Be3 42. g5 Kd6 43. Kg4 Kc6 44. Rb3 Kd6 45. Rba3 Kc7 46. R3a7 Bd4 47. Rxb7+ Kxb7 48. Rf8 1-0

[Event "Early-Titled-Tuesday-Blitz-April-16-2024"]
[Site "Chess.com"]
[Date "2024.04.16"]
[Round "1"]
[White "michaelskie11"]
[Black "TheCount"]
[Result "0-1"]
[WhiteElo "2382"]
[BlackElo "2678"]
[TimeControl "180+1"]
[EndTime "8:06:26 PDT"]
[Termination "TheCount won by resignation"]

1. d4 Nf6 2. c4 g6 3. Nc3 d5 4. Nf3 Bg7 5. Bg5 Ne4 6. Bf4 Nxc3 7.
bxc3 dxc4 8. e4 c5 9. Bxc4 Nc6 10.
d5 Na5 11. Bb5+ Bd7 12. Bxd7+ Qxd7 13. e5 Rd8 14. O-O O-O 15. d6 exd6 16. exd6 Nc4 17. Qd3 b5 18. Rad1 Rfe8 19. h3 Nb2 20. Qd5 Nxd1 21.
Rxd1 Qf5 22. Qxf5 gxf5 23. Rd5 c4 24. Rxb5 Bxc3 25. Rc5 Re4 26. Rxf5 Bb4 27. Ng5 Re1+ 28. Kh2 Bxd6 29. Bxd6 Rxd6 30. Nxf7 Rde6 31. Ng5 R6e5 0-1

[Event "Early-Titled-Tuesday-Blitz-April-16-2024"]
[Site "Chess.com"]
[Date "2024.04.16"]
[Round "1"]
[White "MaiqMaster"]
[Black "CarlosjPineror"]
[Result "0-1"]
[WhiteElo "2424"]
[BlackElo "2735"]
[TimeControl "180+1"]
[EndTime "8:06:27 PDT"]
[Termination "CarlosjPineror won by resignation"]

1. d4 Nf6 2. c4 d6 3. Nf3 g6 4. Nc3 Bf5 5. g3 Ne4 6. Nh4 Nxc3 7. bxc3 Bd7 8. Bg2 Nc6 9. O-O Bg7 10. e4 O-O 11. Be3 b6 12. f4 Na5 13. Qe2 c5 14.
Nf3 Rc8 15. Nd2 Qc7 16. Rac1 Be6 17. d5 Bd7 18. Bf2 Rfe8 19. h3 e6 20. Rfe1 exd5 21.
cxd5 Re7 22. c4 Rce8 23. Nb3 Nxb3 24. axb3 f5 25. Qd3 fxe4 26. Bxe4 Bxh3 27. Bg2 Bf5 28. Qd2 h5 29. Rxe7 Rxe7 30. Re1 Qd8 31. Bf3 Qe8 32. Bd1 Rxe1+ 33. Qxe1 Qxe1+ 34. Bxe1 a6 35.
Kg2 Kf7 36. Kf3 Bd4 37. Ke2 b5 38. Kd2 b4 39. Be2 Bc3+ 40. Kd1 Bxe1 41. Kxe1 Bc2 42. Bd1 Bxd1 43. Kxd1 Kf6 44. Ke2 Kf5 45. Kf3 a5 46. Ke3 Kg4 47. Kf2 a4 48. bxa4 b3 49. a5 b2 50. a6 b1=Q 51. a7 Qa2+ 0-1

[Event "Early-Titled-Tuesday-Blitz-April-16-2024"]
[Site "Chess.com"]
[Date "2024.04.16"]
[Round "1"]
[White "FeketeBarika"]
[Black "Fantastic_Power"]
[Result "0-1"]
[WhiteElo "2427"]
[BlackElo "2752"]
[TimeControl "180+1"]
[EndTime "8:06:28 PDT"]
[Termination "Fantastic_Power won by resignation"]

1. Nf3 Nf6 2. g3 d5 3. Bg2 e6 4. O-O c5 5. c4 d4 6. e3 Nc6 7. exd4 cxd4 8. d3 Bd6 9. Re1 O-O 10. a3 a5 11. b3 e5 12. Bg5 h6 13. Bxf6 Qxf6 14. h3 Bf5 15. Qe2 Rfe8 16. Nbd2 Qd8 17.
Kh2 Qd7 18. Ne4 Bf8 19. Rec1 Bh7 20. c5 f5 21. Ned2 e4 22. dxe4 fxe4 23. Qc4+ Kh8 24. Nh4 g5 25. Nxe4 Bxe4 26. Bxe4 gxh4 27. Re1 hxg3+ 28.
fxg3 Ne5 29. Qf1 Bxc5 30. b4 Bf8 31. Bf5 Qd6 32. Qf4 Bg7 33. Be4 Rf8 34. Qd2 Nf3+ 35. Bxf3 Rxf3 36. Qg2 Raf8 37. Rf1 Rxf1 38. Rxf1 Rxf1 39.
Qxf1 d3 40. Qd1 axb4 0-1

[Event "Early-Titled-Tuesday-Blitz-April-16-2024"]
[Site "Chess.com"]
[Date "2024.04.16"]
[Round "1"]
[White "Timerkhanov"]
[Black "familijatop71"]
[Result "1-0"]
[WhiteElo "2618"]
[BlackElo "2305"]
[TimeControl "180+1"]
[EndTime "8:06:28 PDT"]
[Termination "Timerkhanov won by resignation"]

1. d4 d5 2. Nf3 Nf6 3. g3 e6 4. Bg2 Be7 5. O-O O-O 6. c4 dxc4 7. Qc2 a6 8. a4 Bd7 9. Rd1 Bc6 10. Nc3 Bxf3 11.
Bxf3 Nc6 12. e3 Nb4 13. Qe2 Nd3 14. Bxb7 Ra7 15. Bg2 c5 16. dxc5 Bxc5 17. b3 Qa5 18.
Bd2 Bb4 19. bxc4 Nxf2 20. Qxf2 Bxc3 21. Bxc3 Qxc3 22. Rac1 Qe5 23. Qf4 Qxf4 24. exf4 Rc7 25. c5 Rfc8 26. c6 g6 27. Rb1 Nd5 28. Bxd5 exd5 29. Rxd5 Rxc6 30. Ra5 Rc1+ 31. Rxc1 Rxc1+ 32. Kg2 Rc6 33. Kf3 Kf8 34. Ke4 Ke7 35. Kd5 Kd7 36. g4 f6 37. h4 h6 38. h5 gxh5 39. gxh5 Kc7 40. Rc5 Rxc5+ 41. Kxc5 Kd7 42. Kb6 Ke6 43. Kxa6 Kf5 44. Kb6 Kxf4 45. a5 Kg5 46. a6 Kxh5 47. a7 f5 48. a8=Q Kg4 49. Qg2+ Kf4 50. Kc5 h5 51.
Kd4 h4 52. Qf2+ Kg4 53. Ke3 f4+ 54. Qxf4+ 1-0

[Event "Early-Titled-Tuesday-Blitz-April-16-2024"]
[Site "Chess.com"]
[Date "2024.04.16"]
[Round "1"]
[White "Ginzburg_Yakov"]
[Black "Jospem"]
[Result "0-1"]
[WhiteElo "2534"]
[BlackElo "3078"]
[TimeControl "180+1"]
[EndTime "8:06:30 PDT"]
[Termination "Jospem won by resignation"]

1. e4 c5 2. Nf3 d6 3. Bb5+ Nd7 4.
O-O a6 5. Bxd7+ Bxd7 6. d4 cxd4 7. Nxd4 Rc8 8. b3 Nf6 9. Re1 e5 10. Nf3 h6 11. Ba3 Bc6 12. Nbd2 b5 13. Qe2 Be7 14. Rad1 O-O 15. Bb2 Qa5 16. a3 Qb6 17. Nh4 Bd7 18. Ndf3 g6 19. Bc1 Kg7 20. h3 Qc6 21.
Qe3 Rh8 22. Re2 Be6 23. g4 a5 24. Kh1 a4 25. b4 Qc3 26. Qxc3 Rxc3 27. Bb2 Rc4 28.
Rde1 Rhc8 29. c3 h5 30. g5 Nh7 31. Rg1 Bxh3 32. Nd2 R4c7 33. f4 Bg4 34. Rxg4 hxg4 35.
fxe5 dxe5 36. c4 Bxg5 37. Bxe5+ Bf6 38. Bxc7 Rxc7 39. cxb5 Bxh4 40. b6 Rb7 41. Nc4 Bd8 42. e5 Ng5 43. e6 Nxe6 44. Rd2 Bxb6 0-1

[Event "Early-Titled-Tuesday-Blitz-April-16-2024"]
[Site "Chess.com"]
[Date "2024.04.16"]
[Round "1"]
[White "NigiriSushies"]
[Black "GeorgiosSouleidis"]
[Result "1-0"]
[WhiteElo "2397"]
[BlackElo "2645"]
[TimeControl "180+1"]
[EndTime "8:06:30 PDT"]
[Termination "NigiriSushies won by resignation"]

1. e4 c5 2. Nf3 e6 3. d4 cxd4 4. Nxd4 Nf6 5. Nc3 Nc6 6. Ndb5 Bc5 7. Nd6+ Ke7 8. Bf4 e5 9. Nf5+ Kf8 10. Bg5 d6 11.
Bd3 Bxf5 12. exf5 d5 13. O-O h6 14. Bxf6 gxf6 15. Bb5 a6 16. Ba4 Ne7 17. Bb3 Bd4 18.
Qf3 e4 19. Qh5 Bxc3 20. bxc3 Rc8 21. Rfe1 Rxc3 22. Rad1 Qd7 23. Rxe4 Qxf5 24. Qxf5 Nxf5 25. Rxd5 Kg7 26. Rxf5 Rd8 27. g3 Rd2 28. Rg4+ Kf8 29. Rxf6 Rc7 30. Rgf4 1-0

[Event "Early-Titled-Tuesday-Blitz-April-16-2024"]
[Site "Chess.com"]
[Date "2024.04.16"]
[Round "1"]
[White "alturas_pacificas"]
[Black "kachsona"]
[Result "0-1"]
[WhiteElo "2290"]
[BlackElo "2610"]
[TimeControl "180+1"]
[EndTime "8:06:30 PDT"]
[Termination "kachsona won by resignation"]

1. d4 d6 2. Nf3 Nf6 3. Bf4 Nh5 4.
Bg5 h6 5. Bd2 g5 6. c4 Bg7 7.
Bc3 Bf5 8. e3 Nf6 9. Bd3 Ne4 10.
Qc2 Nxc3 11. Bxf5 Nxb1 12. Rxb1 e6 13. Bd3 Nc6 14. a3 g4 15. Nd2 Qg5 16. b4 h5 17.
b5 Ne7 18. c5 d5 19. a4 h4 20.
h3 f5 21. hxg4 fxg4 22. b6 c6 23. a5 a6 24. Qd1 Kd7 25. Qe2 Nf5 26. Bxf5 exf5 27.
f4 Qg6 28. Qd3 Rae8 29. Kd1 Qe6 30. Re1 h3 31. g3 h2 32. Kc2 Rh3 33. Re2 h1=Q 34.
Rxh1 Rxh1 0-1

[Event "Early-Titled-Tuesday-Blitz-April-16-2024"]
[Site "Chess.com"]
[Date "2024.04.16"]
[Round "1"]
[White "tarno17"]
[Black "Predator0608"]
[Result "0-1"]
[WhiteElo "2132"]
[BlackElo "2567"]
[TimeControl "180+1"]
[EndTime "8:06:30 PDT"]
[Termination "Predator0608 won on time"]

1. e4 e6 2. d4 d5 3. Nd2 Nc6 4. c3 dxe4 5. Nxe4 Nf6 6. Ng3 Be7 7. Nf3 b6 8. Bd3 Bb7 9. O-O O-O 10. Bc2 h6 11. h3 a5 12. Nh2 Kh8 13. Qd3 Qd5 14.
Bb3 Qd7 15. Rd1 Ba6 16. Qf3 Bb7 17. Qd3 a4 18. Bc2 Ba6 19. Qf3 a3 20. Ng4 axb2 21.
Bg5 bxa1=Q 22. Rxa1 Qd5 23. Ne4 Nxg4 24. Bxe7 Nxe7 25.
hxg4 f5 26. Ng3 Qxf3 27. gxf3 Bb7 28. g5 Ra3 0-1

[Event "Early-Titled-Tuesday-Blitz-April-16-2024"]
[Site "Chess.com"]
[Date "2024.04.16"]
[Round "1"]
[White "jaskol95"]
[Black "jraosam"]
[Result "0-1"]
[WhiteElo "2536"]
[BlackElo "1969"]
[TimeControl "180+1"]
[EndTime "8:06:32 PDT"]
[Termination "jraosam won on time"]

1. d4 d5 2. Nc3 e6 3. e4 dxe4 4. Nxe4 Nd7 5. Nf3 Ngf6 6. Nxf6+ Nxf6 7. Bd3 c5 8. Be3 cxd4 9. Bxd4 Be7 10. O-O O-O 11.
Qe2 Bd7 12. Rad1 Qc7 13. Ne5 Bc6 14. Ng4 Qf4 15. Nxf6+ Bxf6 16. Be3 Qh4 17. c3 Rfd8 18. Bc2 Be5 19. f4 Bf6 20. Rxd8+ Bxd8 21. Rd1 Bc7 22.
Qf2 Qxf2+ 23. Kxf2 a6 24. g3 Rd8 25. Rxd8+ Bxd8 26. Bc5 g6 27. Ke3 f6 28. b4 Bc7 29. h4 b6 30. Bd4 e5 31. Bb3+ Kg7 32. fxe5 fxe5 33. g4 exd4+ 34. Kxd4 Bf3 35. Bc4 b5 36. Bd5 Bxg4 37.
Bb7 a5 38. Ba6 Be2 39. Kc5 axb4 40. cxb4 Bg3 41. a4 Bf2+ 42. Kc6 Bf3+ 43. Kxb5 Bxh4 44. Bc8 Bf2 45. a5 g5 0-1

[Event "Early-Titled-Tuesday-Blitz-April-16-2024"]
[Site "Chess.com"]
[Date "2024.04.16"]
[Round "1"]
[White "LevonAronian"]
[Black "JonSnowNW1"]
[Result "1-0"]
[WhiteElo "3078"]
[BlackElo "2534"]
[TimeControl "180+1"]
[EndTime "8:06:33 PDT"]
[Termination "LevonAronian won by resignation"]

1. e4 c5 2. Nf3 d6 3. Bb5+ Nd7 4. a4 Nf6 5. Nc3 g6 6. O-O Bg7 7. Re1 O-O 8. d4 cxd4 9. Nxd4 a6 10. Bf1 Nc5 11. a5 Bd7 12. Bg5 Ne6 13. Be3 Rc8 14. Nb3 Bc6 15. Nd5 Bxd5 16. exd5 Nc5 17. c4 Nfd7 18.
Nd4 Ne5 19. b4 Ncd7 20. Rc1 Nf6 21. h3 Ned7 22. Nb3 Ne4 23. Bd3 Nef6 24. Bf1 Re8 25. c5 dxc5 26. bxc5 Nf8 27. c6 Qc7 28. Bb6 Qd6 29.
cxb7 Rxc1 30. Nxc1 Nxd5 31. Bxa6 Nxb6 32. Qxd6 exd6 33.
Rxe8 1-0